 Dungeon Crawl Stone Soup version 0.23.2-33-g5129a83184 (webtiles) character file.

Game seed: 6551206670159650338

7219 FishyPogo the Fighter (level 10, -6/90 HPs)
             Began as a Grey Draconian Transmuter on Aug 7, 2019.
             Was a Priest of Ru.
             Mangled by Harold
             ... wielding a +2 short sword of flaming
              (15 damage)
             ... on level 8 of the Dungeon.
             The game lasted 01:03:18 (8352 turns).

FishyPogo the Fighter (Grey Draconian Transmuter)   Turns: 8352, Time: 01:03:18

Health: -6/90      AC:  9    Str: 24    XL:     10   Next: 87%
Magic:  14/14      EV: 15    Int: 13    God:    Ru [***...]
Gold:   226        SH:  0    Dex: 13    Spells: 5/15 levels left

rFire    . . .     SeeInvis +   a - +12 dagger "Hydraslayer" {venom, rC+ rN+ Str+3 SInv}
rCold    + . .     Gourm    .   (no shield)
rNeg     + + .     Faith    .   (armour unavailable)
rPois    .         Spirit   .   e - +0 hat {MR+}
rElec    .         Reflect  .   y - +0 cloak
rCorr    .         Harm     .   k - +0 pair of gloves
MR       +....                  (boots currently unavailable)
Stlth    +.........             (no amulet)
HPRegen  0.25/turn              n - ring of positive energy
MPRegen  0.14/turn              j - +6 ring of strength (curse)

@: appendage (expiring), no potions
A: walk through water, unfitting armour, talons 3, screaming 1, unbreathing,
cold-blooded, inability to drink while threatened, reduced AC 1, AC +12
a: End Transformation, Draw Out Power, Renounce Religion


You were on level 8 of the Dungeon.
You worshipped Ru.
Ru was most pleased with you.
You were not hungry.
You had grown temporary talons.
You visited 1 branch of the dungeon, and saw 9 of its levels.

You collected 408 gold pieces.
You spent 182 gold pieces at shops.

Inventory:

Hand Weapons
 a - the +12 dagger "Hydraslayer" (weapon) {venom, rC+ rN+ Str+3 SInv}
   (You bought it in a shop on level 4 of the Dungeon)

   It poisons the flesh of those it strikes.
   It affects your strength (+3).
   It protects you from cold.
   It protects you from negative energy.
   It lets you see invisible.
Missiles
 g - 245 arrows
 p - 200 stones (quivered)
Armour
 e - a +0 hat of magic resistance (worn)
 k - a +0 pair of gloves (worn)
 l - a +1 hat
 q - a +0 shield
 y - a +0 cloak (worn)
Jewellery
 j - a cursed +6 ring of strength (right hand)
 n - a ring of positive energy (left hand)
Wands
 o - a wand of polymorph (8)
 u - a wand of scattershot (5)
Scrolls
 f - 8 scrolls of teleportation
 i - a scroll of fear {unknown}
 m - 2 scrolls of fog {unknown}
 r - 3 scrolls of enchant armour
 s - a scroll of remove curse
 t - a scroll of immolation {unknown}
 z - a scroll of enchant weapon {unknown}
 B - a scroll of magic mapping
Potions
 d - a potion of invisibility
 h - 6 potions of curing
 v - a potion of brilliance
 w - a potion of agility
Comestibles
 b - 7 chunks of flesh
 c - 22 rations


   Skills:
 + Level 8.4 Fighting
 - Level 3.0 Short Blades
   Level 3.1 Axes
 + Level 6.5 Dodging
 - Level 0.6 Shields
 * Level 7.8 Unarmed Combat
 - Level 3.0 Spellcasting
 - Level 6.1 Transmutations
 + Level 7.7 Ice Magic


You had 5 spell levels left.
You knew the following spells:

 Your Spells              Type           Power        Failure   Level  Hunger
a - Beastly Appendage     Tmut           ###...       1%          1    #......
b - Spider Form           Tmut/Pois      #.........   21%         3    ###....
c - Ice Form              Ice/Tmut       ###.....     13%         4    #####..
d - Ensorcelled Hibernat  Hex/Ice        ##....       7%          2    ###....

Your spell library contained the following spells:

 Spells                   Type           Power        Failure   Level  Hunger
 Freeze                   Ice            ###.         1%          1    #......
 Sticks to Snakes         Tmut           ###.....     2%          2    ###....
 Throw Frost              Conj/Ice       ##....       7%          2    ###....
 Ozocubu's Armour         Chrm/Ice       ##......     14%         3    ###....
 Confusing Touch          Hex            #.....       22%         1    #......
 Corona                   Hex            #......      22%         1    #......
 Slow                     Hex            #.......     34%         2    ###....
 Summon Ice Beast         Ice/Summ       ##......     43%         4    #####..
 Throw Icicle             Conj/Ice       ##......     43%         4    #####..
 Blade Hands              Tmut           ###.......   45%         5    ######.
 Petrify                  Tmut/Erth      #.......     54%         4    #####..
 Confuse                  Hex            #.......     56%         3    ###....
 Dazzling Spray           Conj/Hex       #.....       56%         3    ###....
 Gell's Gravitas          Tloc           #.........   56%         3    ###....
 Inner Flame              Hex/Fire       #.......     56%         3    ###....
 Portal Projectile        Hex/Tloc       #.....       56%         3    ###....
 Tukima's Dance           Hex            #.......     56%         3    ###....
 Metabolic Englaciation   Hex/Ice        ##........   78%         5    ######.
 Yara's Violent Unravell  Hex/Tmut       #.........   88%         5    ######.
 Cause Fear               Hex            #.........   92%         4    #####..
 Leda's Liquefaction      Hex/Erth       #.........   92%         4    #####..


Dungeon Overview and Level Annotations

Branches:
Dungeon (9/15)             Temple (0/1) D:5             Orc (0/2) D:9
   Lair: D:8-11

Altars:
Cheibriados
Elyvilon
Kikubaaqudgha
Makhleb
Nemelex Xobeh
Ru
Xom
Zin

Shops:
D:4 (   D:6 [

Annotations:
D:8 exclusion: oklob plant, Harold


Innate Abilities, Weirdness & Mutations

You can walk through water.
Your dull iron-grey scales are very hard. (AC +12)
You cannot fit into any form of body armour.
You occasionally shout uncontrollably at your foes.
You can survive without breathing.
You are cold-blooded and may be slowed by cold attacks.
You cannot drink potions while threatened.
You take slightly more damage. (AC -5)
You have claws for feet.


Message History

* * * LOW HITPOINT WARNING * * *
Harold burns you.
* * * LOW HITPOINT WARNING * * *
You focus your will and illuminate Harold in retribution!
You hit Harold but do no damage.
Harold looks as sick as possible!
You claw Harold, but do no damage.
Harold is heavily wounded.
Harold hits you with a +2 short sword of flaming!
* * * LOW HITPOINT WARNING * * *
Harold burns you.
* * * LOW HITPOINT WARNING * * *
Okay, then.
You hit Harold but do no damage.
Harold looks as sick as possible!
You claw Harold! You punch Harold.
Harold is severely wounded.
Harold hits you but does no damage.
You puncture Harold! You tail-slap Harold, but do no damage.
Harold is almost dead.
Harold hits you with a +2 short sword of flaming!
You die...

#.# ### #. #.#
#.. . # #.# #.#
.#. #.## #.# #..
#..# #.# #.# ##.#
#.###.#
#.####)###..(..#
#..........<...#
###.##.##..@##..#
# #.##..@# .#...
# .......# .#
.... . ##.##..##
.# ##. #.##... ..
.....### ..
...... ## .####


You could see Harold.

Vanquished Creatures
  Pikel (D:7)
  Maurice (D:8)
  A hornet (D:8)
  Prince Ribbit (D:7)
  Sigmund (D:6)
  A human (D:7)
  A yak (D:8)
  4 hogs (D:7)
  2 hungry ghosts
  Menkaure (D:7)
  Duvessa (D:4)
  3 porcupines (D:8)
  An ice beast (D:5)
  3 sky beasts
  A phantom (D:5)
  A black bear (D:8)
  4 slaves (D:7)
  2 ogres
  3 centaurs
  2 bullfrogs (D:8)
  Dowan (D:4)
  A scorpion (D:8)
  The ghost of PeSeC the Skirmisher, a weakling MiFi (D:4)
  A water moccasin skeleton (D:8)
  4 killer bees (D:5)
  A howler monkey (D:7)
  5 wights (D:6)
  5 crimson imps
  A jelly (D:7)
  A bullfrog zombie (D:6)
  4 quasits
  5 orc priests
  3 hounds
  A bullfrog skeleton (D:4)
  A centaur skeleton (D:8)
  9 orc wizards
  3 iguanas
  2 worker ants
  A hound skeleton (D:4)
  A hound zombie (D:8)
  A howler monkey zombie (D:8)
  A worker ant zombie (D:5)
  7 gnolls
  9 adders
  2 shadow imps
  An adder zombie (D:5)
  A worm (D:3)
  2 dart slugs
  8 leopard geckos
  14 orcs
  2 giant cockroaches
  8 goblins
  8 hobgoblins
  8 jackals
  4 kobolds
  3 quokkas
  A ball python (D:4)
  6 bats
  6 frilled lizards
  A quokka skeleton (D:4)
  14 rats
193 creatures vanquished.

Vanquished Creatures (others)
  Gastronok (D:8)
  31 fungi (D:8)
  5 plants (D:8)
37 creatures vanquished.

Grand Total: 230 creatures vanquished

Notes
Turn   | Place    | Note
-------+----------+-------------------------------------------
     0 | D:1      | FishyPogo the Draconian Transmuter began the quest for the
                  | Orb.
     0 | D:1      | Reached XP level 1. HP: 16/16 MP: 3/3
   213 | D:1      | Reached XP level 2. HP: 19/23 MP: 3/5
   755 | D:2      | Reached XP level 3. HP: 28/28 MP: 6/6
   867 | D:2      | Learned a level 3 spell: Spider Form
   881 | D:2      | Reached skill level 1 in Axes
  1362 | D:3      | Found a sacrificial altar of Ru.
  1371 | D:3      | Became a worshipper of Ru the Awakened
  1492 | D:3      | Reached XP level 4. HP: 30/36 MP: 5/7
  1523 | D:3      | Found a glowing silver altar of Zin.
  1670 | D:3      | Found a snail-covered altar of Cheibriados.
  1673 | D:3      | Found an ancient bone altar of Kikubaaqudgha.
  1674 | D:3      | Found a white marble altar of Elyvilon.
  1674 | D:3      | Found a sparkling altar of Nemelex Xobeh.
  2139 | D:4      | Reached skill level 2 in Fighting
  2207 | D:4      | Reached XP level 5. HP: 24/41 MP: 7/9
  2382 | D:3      | Learned a level 4 spell: Ice Form
  2433 | D:4      | Found a transporter.
  2439 | D:4      | Noticed PeSeC's ghost (weakling MiFi)
  2446 | D:4      | Found a transporter.
  2701 | D:4      | Noticed Duvessa
  2701 | D:4      | Noticed Dowan
  2727 | D:4      | Killed Duvessa
  2727 | D:4      | Reached skill level 1 in Ice Magic
  2727 | D:4      | Reached XP level 6. HP: 13/48 MP: 4/10
  2757 | D:4      | Killed Dowan
  2770 | D:4      | Gained mutation: You occasionally shout uncontrollably at
                  | your foes. [Ru sacrifice]
  3136 | D:4      | Found Jeuthrur's Antique Weapon Shop.
  3156 | D:4      | Bought an iridescent dagger for 182 gold pieces
  3156 | D:4      | Identified the +12 dagger "Hydraslayer" {venom, rC+ rN+
                  | Str+3 SInv} (You bought it in a shop on level 4 of the
                  | Dungeon)
  3329 | D:4      | Reached skill level 1 in Short Blades
  3839 | D:5      | Entered Level 5 of the Dungeon
  3864 | D:5      | Your scales start taking on a dull iron-grey colour.
  3864 | D:5      | Reached XP level 7. HP: 24/56 MP: 8/11
  3864 | D:5      | Gained mutation: You can survive without breathing. [Grey
                  | Draconian growth]
  3866 | D:5      | Found a staircase to the Ecumenical Temple.
  3888 | D:5      | Learned a level 2 spell: Ensorcelled Hibernation
  3981 | D:5      | Reached skill level 5 in Transmutations
  4160 | D:5      | Reached skill level 3 in Fighting
  4583 | D:5      | Found a shimmering altar of Xom.
  4733 | D:5      | Reached XP level 8. HP: 63/63 MP: 10/12
  5022 | D:5      | Reached skill level 4 in Fighting
  5489 | D:6      | Reached skill level 5 in Fighting
  5528 | D:6      | Noticed Sigmund
  5545 | D:6      | Killed Sigmund
  5545 | D:6      | Reached skill level 5 in Ice Magic
  5576 | D:6      | Found Hitig's Antique Armour Shoppe.
  5677 | D:6      | Reached XP level 9. HP: 74/74 MP: 11/13
  5744 | D:6      | Gained mutation: You take slightly more damage. (AC -5) [Ru
                  | sacrifice]
  5744 | D:6      | Reached * piety under Ru
  6037 | D:7      | Noticed Menkaure
  6048 | D:7      | Killed Menkaure
  6048 | D:7      | Reached skill level 6 in Fighting
  6261 | D:7      | Noticed Prince Ribbit
  6269 | D:7      | Killed Prince Ribbit
  6422 | D:7      | Reached skill level 5 in Dodging
  6520 | D:7      | Noticed Pikel
  6533 | D:7      | Killed Pikel
  6533 | D:7      | Reached skill level 7 in Fighting
  6533 | D:7      | Reached skill level 5 in Unarmed Combat
  6685 | D:7      | Found a burning altar of Makhleb.
  6804 | D:7      | Reached XP level 10. HP: 64/86 MP: 14/14
  7343 | D:4      | Killed PeSeC's ghost
  7490 | D:9      | Found a staircase to the Orcish Mines.
  7743 | D:8      | Noticed Gastronok
  7966 | D:8      | Gained mutation: You cannot drink potions while threatened.
                  | [Ru sacrifice]
  7966 | D:8      | Reached ** piety under Ru
  7966 | D:8      | Reached *** piety under Ru
  8074 | D:8      | Killed Gastronok
  8074 | D:8      | Reached skill level 8 in Fighting
  8244 | D:8      | Found a sparkling altar of Nemelex Xobeh.
  8244 | D:8      | Noticed an oklob plant
  8302 | D:8      | Noticed Maurice
  8313 | D:8      | Killed Maurice
  8336 | D:8      | Noticed Harold
  8352 | D:8      | Mangled by Harold

Skill      XL: |  1  2  3  4  5  6  7  8  9 10 |
---------------+-------------------------------+-----
Dodging        | 2 4 5 6 |  6.5
Axes           | 1 2 3 |  3.1
Transmutations | 3 4 5 6 |  6.1
Fighting       | 2 3 5 7 8 |  8.4
Spellcasting   | 3 |  3.0
Ice Magic      | 1 2 3 5 6 7 |  7.7
Short Blades   | 1 3 |  3.0
Unarmed Combat | 5 7 |  7.8
Shields        | |  0.6

Action                   |  1- 3 |  4- 6 |  7- 9 | 10-12 || total
-------------------------+-------+-------+-------+-------++-------
Melee: Unarmed           |    30 |    43 |    64 |    15 ||   152
       Tailslap          |     8 |     8 |    21 |    19 ||    56
       Kick              |     6 |     1 |    33 |    25 ||    65
       Punch             |     1 |       |     2 |     2 ||     5
       Hand axe          |    65 |    68 |       |       ||   133
       Headbutt          |     1 |     3 |     1 |     9 ||    14
       Dagger            |       |     5 |   198 |   139 ||   342
Throw: Stone             |     8 |     3 |     5 |     6 ||    22
 Cast: Beastly Appendage |    26 |     9 |    24 |    16 ||    75
       Spider Form       |       |     5 |     4 |       ||     9
       Ensorcelled Hiber |       |       |     2 |     1 ||     3
       Ice Form          |       |       |     1 |     1 ||     2
Invok: Sacrifice Purity  |       |     1 |       |       ||     1
       Sacrifice Health  |       |       |     1 |       ||     1
       Sacrifice Drink   |       |       |       |     1 ||     1
 Abil: End Transformatio |       |       |       |     1 ||     1
  Use: Potion            |       |     2 |     2 |     1 ||     5
       Scroll            |       |       |    10 |     2 ||    12
 Stab: Sleeping          |     1 |       |       |     1 ||     2
       Distracted        |       |       |     1 |       ||     1
  Eat: Chunk             |     3 |     7 |     8 |     9 ||    27
       Ration            |       |       |     1 |     1 ||     2
Armor: Skin              |    24 |    32 |    71 |    49 ||   176
Dodge: Dodged            |    59 |    61 |   138 |   118 ||   376
